 Dungeon Crawl Stone Soup version 0.21.1-1-g345015f (webtiles) character file.

51137 microfolk the Spear-Bearer (level 14, -1/99 HPs)
             Began as a Merfolk Ice Elementalist on Apr 30, 2018.
             Was the Champion of Hepliaklqana.
             Slain by a manticore (7 damage)
             ... on level 11 of the Dungeon.
             The game lasted 01:45:55 (32959 turns).

microfolk the Spear-Bearer (MfIE)                  Turns: 32959, Time: 01:45:56

Health: -1/99      AC: 15    Str:  9    XL:     14   Next: 58%
Magic:  2/21       EV: 21    Int: 19    God:    Hepliaklqana [******]
Gold:   1380       SH:  3    Dex: 14    Spells: 10/23 levels left

rFire    . . .     SeeInvis +   V - +0 glaive
rCold    . . .     Gourm    .   (shield currently unavailable)
rNeg     . . .     Faith    .   I - +0 steam dragon scales
rPois    .         Spirit   .   X - +0 helmet
rElec    .         Reflect  +   H - +1 cloak
rCorr    .         Harm     .   h - +0 pair of gloves
MR       +....                  K - +0 pair of boots
Stlth    ++........             C - +3 amulet of reflection
HPRegen  0.26/turn              r - ring of see invisible
MPRegen  0.17/turn              u - +3 ring of protection

@: about to teleport, very slightly contaminated
A: change form in water, swift swim, stealthy swim, reduced essence
a: Recall Ancestor, Ancestor Identity, Transference, Idealise, Renounce Religion


You were on level 11 of the Dungeon.
You worshipped Hepliaklqana.
Hepliaklqana was exalted by your worship.
You were hungry.

You visited 4 branches of the dungeon, and saw 20 of its levels.

You collected 1917 gold pieces.
You spent 537 gold pieces at shops.

Inventory:

Hand Weapons
 V - a +0 glaive (weapon)
Missiles
 x - 6 javelins
 B - 47 tomahawks (quivered)
 G - 7 javelins of returning
Armour
 h - a +0 pair of gloves (worn)
 H - a +1 cloak (worn)
 I - +0 steam dragon scales (worn)
 K - a +0 pair of boots (worn)
 Q - the +1 scale mail "Teoh" {rElec rN+ Str-5}
   (You found it on level 6 of the Dungeon)

   It affects your strength (-5).
   It insulates you from electricity.
   It protects you from negative energy.
 X - a +0 helmet (worn)
 Y - a +0 troll leather armour
Magical Staves
 b - an uncursed staff of wizardry
Jewellery
 d - an uncursed ring of protection from fire
 l - an uncursed ring of protection from cold
 r - a ring of see invisible (left hand)
 s - an uncursed ring of ice
 u - a +3 ring of protection (right hand)
 C - a +3 amulet of reflection (around neck)
 J - an uncursed ring of fire
Wands
 a - a wand of iceblast (9)
 i - a wand of paralysis (21)
 v - a wand of flame (63)
 D - a wand of polymorph (5)
 R - a wand of digging (40)
Scrolls
 e - 10 scrolls of remove curse
 f - 3 scrolls of immolation
 j - 10 scrolls of teleportation
 o - 3 scrolls of amnesia
 q - 2 scrolls of blinking
 w - 6 scrolls of enchant weapon
 y - a scroll of torment {unknown}
 z - 4 scrolls of fear
 M - a scroll of magic mapping
 N - 4 scrolls of enchant armour
 S - a scroll of brand weapon {unknown}
 W - a scroll of silence
Potions
 g - 6 potions of haste
 m - a potion of magic
 n - 4 potions of curing
 p - 2 potions of ambrosia
 t - 4 potions of lignification
 A - a potion of flight
 E - a potion of cancellation
 F - 3 potions of might
 L - 3 potions of brilliance
 O - 2 potions of mutation
 P - a potion of agility
Books
 U - a book of Party Tricks

   Spells                             Type                      Level
   a - Summon Butterflies             Summoning                    1
   b - Apportation                    Translocation                1
   c - Lesser Beckoning               Translocation                3
   d - Tukima's Dance                 Hexes                        3
   e - Alistair's Intoxication        Transmutation/Poison         5
   f - Invisibility                   Hexes                        6
 Z - a book of Conjurations

   Spells                             Type                      Level
   a - Magic Dart                     Conjuration                  1
   b - Searing Ray                    Conjuration                  2
   c - Dazzling Spray                 Conjuration/Hexes            3
   d - Fulminant Prism                Conjuration/Hexes            4
   e - Force Lance                    Conjuration/Translocation    4
   f - Iskenderun's Mystic Blast      Conjuration                  4
Miscellaneous
 k - a lamp of fire
Comestibles
 c - 28 rations


   Skills:
 - Level 10.0 Fighting
 + Level 14.5 Polearms
 - Level 6.1 Armour
 - Level 14.0 Dodging
 - Level 2.1 Stealth
 - Level 5.0 Spellcasting
 - Level 0.7 Conjurations
 - Level 7.2 Summonings
 - Level 13.0 Ice Magic
 - Level 7.1 Invocations


You had 10 spell levels left.
You knew the following spells:

 Your Spells              Type           Power        Failure   Level  Hunger
a - Freeze                Ice            ####         1%          1    None
b - Throw Frost           Conj/Ice       ####..       1%          2    #......
c - Throw Icicle          Conj/Ice       ####....     8%          4    ####...
d - Summon Ice Beast      Ice/Summ       #####...     1%          4    ####...
e - Summon Butterflies    Summ           ####....     1%          1    None
f - Apportation           Tloc           #.....       12%         1    None


Dungeon Overview and Level Annotations

Branches:
Dungeon (11/15)            Temple (1/1) D:6            Lair (6/6) D:10
 Shoals (0/4) Lair:3       Spider (0/4) Lair:3        Slime (0/5) Lair:5
    Orc (2/2) D:10            Elf (0/3) Orc:2

Altars:
Cheibriados
Dithmenos
Fedhas
Gozag
Hepliaklqana
Kikubaaqudgha
Makhleb
Nemelex Xobeh
Okawaru
Qazlal
Ru
Sif Muna
Trog
Uskayaw
Zin
The Shining One
Beogh
Jiyva

Shops:
D:11 %   Orc:2 %}[**

Annotations:
D:5 exclusion: downstairs
D:6 teroshan's ghost, novice HuBe
D:8 exclusion: 3 downstairs
Lair:1 exclusion: oklob plant
Lair:2 exclusions: downstairs and 1 more exclusion
Lair:3 t7DKbSm's ghost, journeyman MiBe
Lair:5 1 runed door


Message History

The hippogriff pecks you.
* * * LOW HITPOINT WARNING * * *
The hippogriff completely misses you.
The manticore bites you but does no damage.
The manticore completely misses you. The manticore closely misses you.
You slash the hippogriff!
You kill the hippogriff!
The manticore completely misses you. The manticore claws you!
* * * LOW HITPOINT WARNING * * *
The manticore completely misses you.
You barely miss the manticore.
You feel sick. The manticore bites you!
* * * LOW HITPOINT WARNING * * *
The manticore completely misses you. The manticore barely misses you.
As you read the scroll of teleportation, it crumbles to dust.
You feel strangely unstable. The manticore completely misses you.
The manticore claws you.
* * * LOW HITPOINT WARNING * * *
The manticore misses you.
You feel better. The manticore bites you!
You die...

.. ###... ..
#....
.###...###
#........###
+..........#
#..%.....#
#...H....#
#...@/...#
.#####)..#####
.............#
.......(..####
.............#
#.....[......#
#............#
#............#
#.........##.#


You could see a manticore.

Vanquished Creatures
  A stone giant (Orc:1)
  A fire dragon (Lair:6)
  A two-headed ogre (Orc:2)
  The ghost of salinator123 the Cleaver, a novice HOBe of Trog (D:9)
  3 orc high priests (Orc:2)
  2 orc knights
  2 orc sorcerers
  A merfolk siren (Lair:3)
  3 molten gargoyles (Lair:6)
  4 black mambas
  2 torpor snails
  A centaur skeleton (D:11)
  6 spiny frogs
  5 komodo dragons
  3 rime drakes
  A queen bee (Lair:2)
  3 trolls
  A meliai (D:11)
  Grinder (D:4)
  A polar bear (Lair:5)
  A merfolk (D:11)
  8 blink frogs
  4 hippogriffs
  6 dream sheep
  7 wyverns
  A redback (Lair:3)
  25 yaks
  2 basilisks
  A steam dragon (Lair:6)
  10 water moccasins
  9 wargs
  4 hell hounds (Lair:6)
  6 porcupines
  A sky beast (D:6)
  2 black bears
  A hornet zombie (D:9)
  18 orc warriors
  A necrophage (D:10)
  A phantom (D:11)
  6 ogres
  7 crocodiles
  A big kobold (D:8)
  13 bullfrogs
  A gnoll sergeant (Orc:1)
  3 scorpions
  31 killer bees
  11 wights
  4 electric eels
  2 quasits
  3 lava snakes (Lair:6)
  2 crimson imps
  10 hounds
  28 orc priests
  An iguana (D:8)
  A jelly (D:11)
  20 orc wizards
  4 worker ants
  A hound zombie (D:11)
  2 worker ant zombies
  8 gnolls
  8 adders
  2 shadow imps
  3 oozes
  2 adder skeletons
  2 dart slugs
  4 leopard geckos
  89 orcs
  9 bats
  5 giant cockroaches
  4 goblins
  14 hobgoblins
  2 jackals (D:2)
  15 kobolds
  6 quokkas
  4 frilled lizards
  3 quokka skeletons
  8 rats
490 creatures vanquished.

Vanquished Creatures (collateral kills)
  Gastronok (Lair:2)
  An orc warlord (Orc:1)
  3 hydras
  A two-headed ogre (Orc:2)
  5 orc high priests (Orc:2)
  A lindwurm (Lair:6)
  An orc sorcerer (Orc:1)
  A centaur zombie (D:10)
  3 black mambas
  A spiny frog (Lair:1)
  A gargoyle (D:11)
  A polar bear (Lair:6)
  A troll (D:11)
  3 dream sheep (Lair:6)
  5 blink frogs
  2 wyverns
  6 yaks
  A basilisk (Lair:6)
  A hungry ghost (D:8)
  2 wargs
  2 water moccasins
  3 porcupines
  10 orc warriors
  2 sky beasts
  An eye of draining (D:11)
  5 ogres
  A wolf (Lair:1)
  A centaur (D:7)
  3 crocodiles
  A big kobold (D:8)
  5 bullfrogs
  3 scorpions
  5 killer bees
  4 wights
  2 lava snakes (Lair:6)
  A crimson imp (D:11)
  A jelly (D:10)
  8 orc priests
  A centaur skeleton (D:4)
  A hound (D:9)
  7 orc wizards
  2 iguanas (D:8)
  4 worker ants
  A hound zombie (D:7)
  7 gnolls
  2 adders
  An adder skeleton (D:6)
  An adder zombie (D:6)
  2 worms (D:3)
  A leopard gecko (D:6)
  30 orcs
  2 quokkas
  A jackal skeleton (D:6)
  3 kobolds
  A quokka skeleton (D:4)
  A plant (Lair:4)
167 creatures vanquished.

Vanquished Creatures (others)
  A troll (D:11)
  A killer bee (Lair:2)
  29 hexers
  An ancestor (D:5)
  13 fungi
  29 plants
74 creatures vanquished.

Grand Total: 731 creatures vanquished

Notes
Turn   | Place    | Note
-------+----------+-------------------------------------------
     0 | D:1      | microfolk the Merfolk Ice Elementalist began the quest for the Orb.
     0 | D:1      | Reached XP level 1. HP: 13/13 MP: 3/3
   261 | D:1      | Reached XP level 2. HP: 19/19 MP: 3/5
   265 | D:1      | Learned a level 2 spell: Throw Frost
   784 | D:1      | Reached XP level 3. HP: 24/24 MP: 2/6
  1331 | D:2      | Found a hazy altar of Hepliaklqana.
  1382 | D:2      | Became a worshipper of Hepliaklqana the Forgotten
  1474 | D:2      | Found a burning altar of Makhleb.
  1479 | D:2      | Reached XP level 4. HP: 21/27 MP: 3/8
  1586 | D:2      | Found a glowing golden altar of the Shining One.
  1586 | D:2      | Found a faded altar of an unknown god.
  1591 | D:2      | Found a deep blue altar of Sif Muna.
  1593 | D:2      | Found an iron altar of Okawaru.
  1594 | D:2      | Found a faded altar of an unknown god.
  2402 | D:2      | Found a sparkling altar of Nemelex Xobeh.
  2971 | D:3      | Reached skill level 1 in Fighting
  3060 | D:3      | Found a sacrificial altar of Ru.
  3064 | D:3      | Reached XP level 5. HP: 31/33 MP: 5/9
  3122 | D:3      | Learned a level 4 spell: Throw Icicle
  3583 | D:3      | Reached * piety under Hepliaklqana
  4070 | D:4      | Noticed Grinder
  4212 | D:4      | Found an opulent altar of Gozag.
  4633 | D:4      | Reached XP level 6. HP: 29/40 MP: 3/11
  4634 | D:4      | Reached skill level 5 in Ice Magic
  5542 | D:5      | Entered Level 5 of the Dungeon
  5718 | D:5      | Reached XP level 7. HP: 46/46 MP: 3/13
  5857 | D:5      | Reached ** piety under Hepliaklqana
  5858 | D:5      | Remembered your ancestor Giddo as a hexer
  6389 | D:6      | Found a staircase to the Ecumenical Temple.
  6396 | Temple   | Entered the Ecumenical Temple
  6782 | D:6      | Got a brightly glowing scale mail
  6813 | D:6      | Identified the +1 scale mail "Teoh" {rElec rN+ Str-5} (You found it on level 6 of the Dungeon)
  6962 | D:6      | Reached skill level 5 in Dodging
  7007 | D:6      | Noticed teroshan's ghost (novice HuBe)
  7250 | D:6      | Reached XP level 8. HP: 54/54 MP: 10/14
  7252 | D:6      | Reached skill level 1 in Polearms
  7550 | D:6      | Reached *** piety under Hepliaklqana
  7721 | D:6      | Found a snail-covered altar of Cheibriados.
  7939 | D:7      | Reached skill level 5 in Fighting
  8122 | D:7      | Found a stormy altar of Qazlal.
  8792 | D:7      | Reached skill level 5 in Polearms
  9045 | D:8      | Noticed a wyvern
  9092 | D:8      | Killed a wyvern
  9153 | D:8      | Reached skill level 1 in Armour
  9156 | D:8      | Reached XP level 9. HP: 59/62 MP: 8/15
 10668 | D:9      | Reached **** piety under Hepliaklqana
 10730 | D:9      | Noticed salinator123's ghost (novice HOBe)
 10756 | D:8      | Reached skill level 1 in Invocations
 10825 | D:9      | Noticed a troll
 10946 | D:9      | Killed a troll
 10953 | D:9      | Reached XP level 10. HP: 60/71 MP: 3/16
 11215 | D:9      | Reached skill level 10 in Polearms
 12035 | D:4      | Killed Grinder
 12332 | D:9      | Found a shadowy altar of Dithmenos.
 12700 | D:9      | Found a bloodstained altar of Trog.
 12804 | D:9      | HP: 3/72 [salinator123's ghost (15)]
 12954 | D:10     | Entered Level 10 of the Dungeon
 13896 | D:10     | Found a staircase to the Orcish Mines.
 14053 | D:10     | Reached XP level 11. HP: 78/78 MP: 17/17
 14120 | D:10     | Found a staircase to the Lair.
 14408 | Lair:1   | Entered Level 1 of the Lair of Beasts
 14491 | Lair:1   | Reached skill level 5 in Invocations
 14499 | Lair:1   | Noticed an oklob plant
 14841 | Lair:1   | Reached ***** piety under Hepliaklqana
 15111 | Lair:1   | Reached skill level 10 in Dodging
 15937 | D:9      | Killed salinator123's ghost
 16516 | Lair:2   | Learned a level 4 spell: Summon Ice Beast
 16745 | Lair:2   | Reached skill level 1 in Summonings
 17225 | Lair:3   | Noticed t7DKbSm's ghost (journeyman MiBe)
 17240 | Lair:3   | Noticed Gastronok
 17267 | Lair:2   | Killed Gastronok
 17267 | Lair:2   | Reached XP level 12. HP: 19/87 MP: 18/18
 17524 | Lair:3   | Found a hole to the Spider Nest.
 17621 | Lair:3   | Noticed an eight-headed hydra
 18156 | Lair:4   | Reached skill level 10 in Fighting
 18533 | Lair:4   | Reached skill level 5 in Summonings
 18723 | Lair:4   | Reached ****** piety under Hepliaklqana
 19343 | Lair:4   | Noticed a four-headed hydra
 19546 | Lair:3   | Found a staircase to the Shoals.
 19756 | Lair:3   | Killed an 11-headed hydra
 20117 | Lair:4   | Killed a seven-headed hydra
 20535 | Lair:5   | Reached skill level 10 in Ice Magic
 20675 | Lair:5   | Found a runed door.
 20695 | Lair:5   | Found a viscous altar of Jiyva.
 20695 | Lair:5   | Found a staircase to the Slime Pits.
 20705 | Lair:5   | Reached XP level 13. HP: 90/92 MP: 16/19
 20961 | Lair:5   | Got a scorched leather armour
 20972 | Lair:5   | Identified the +3 leather armour of Imoebe {-Cast -Tele rPois rC+++} (You found it on level 5 of the Lair of Beasts)
 21644 | Lair:6   | Entered Level 6 of the Lair of Beasts
 21969 | Lair:6   | Learned a level 1 spell: Summon Butterflies
 21971 | Lair:6   | Learned a level 1 spell: Apportation
 25369 | Lair:6   | Noticed a fire dragon
 25478 | Lair:6   | Found a large runed door.
 25479 | Lair:6   | Found a large runed door.
 25509 | Lair:6   | Reached skill level 5 in Spellcasting
 25591 | Lair:6   | Killed a fire dragon
 25833 | Orc:1    | Entered Level 1 of the Orcish Mines
 26414 | Orc:2    | Entered Level 2 of the Orcish Mines
 26491 | Orc:2    | Found Orchoum's Armour Shop.
 27252 | Orc:1    | Found a roughly hewn altar of Beogh.
 27402 | Orc:1    | Found a roughly hewn altar of Beogh.
 27562 | Orc:1    | Reached XP level 14. HP: 81/99 MP: 4/21
 27928 | Orc:1    | Noticed an orc warlord
 28875 | Orc:1    | Killed an orc warlord
 28875 | Orc:1    | Reached skill level 5 in Armour
 29594 | Orc:2    | Found a staircase to the Elven Halls.
 29726 | Orc:2    | Noticed a stone giant
 30153 | Orc:2    | Paralysed by an orc sorcerer for 7 turns
 30651 | Orc:2    | Found Numypic's Assorted Antiques.
 30651 | Orc:2    | Found Foxzif's Assorted Antiques.
 30711 | Orc:2    | Bought a green potion for 27 gold pieces
 31230 | Orc:1    | Killed a stone giant
 31401 | Orc:2    | Found a roughly hewn altar of Beogh.
 31531 | Orc:2    | Found Xito's Food Boutique.
 31531 | Orc:2    | Found Sucawoc's Gadget Emporium.
 32124 | Orc:2    | Bought a metal-bound book for 450 gold pieces
 32151 | Orc:2    | Bought a scroll of identify for 60 gold pieces
 32748 | D:11     | Found Edo Dach's Food Boutique.
 32958 | D:11     | HP: 1/99 [manticore (6)]
 32959 | D:11     | Slain by a manticore

Skill      XL: |  1  2  3  4  5  6  7  8  9 10 11 12 13 14 |
---------------+-------------------------------------------+-----
Dodging        | 3 4 5 7 9 10 11 12 14 | 14.0
Ice Magic      | 4 5 6 7 10 13 | 13.0
Spellcasting   | 3 4 5 |  5.0
Fighting       | 1 2 3 4 5 7 8 9 10 | 10.0
Polearms       | 6 9 12 14 | 14.5
Armour         | 1 2 4 6 |  6.1
Invocations    | 1 4 6 7 |  7.1
Summonings     | 3 7 |  7.2
Stealth        | |  2.1
Conjurations   | |  0.7

Action                   |  1- 3 |  4- 6 |  7- 9 | 10-12 | 13-15 || total
-------------------------+-------+-------+-------+-------+-------++-------
Melee: Whip              |       |     9 |       |       |       ||     9
       Dagger            |       |     5 |    23 |       |       ||    28
       Trident           |       |       |   114 |   255 |       ||   369
       Halberd           |       |       |       |   369 |   733 ||  1102
       Tailslap          |       |       |       |     2 |     2 ||     4
       Glaive            |       |       |       |       |   101 ||   101
Throw: Stone             |     9 |     6 |       |       |       ||    15
       Tomahawk          |       |       |     6 |     2 |     2 ||    10
 Cast: Freeze            |    52 |    89 |   150 |    70 |    41 ||   402
       Throw Frost       |       |    22 |    36 |   147 |   124 ||   329
       Summon Ice Beast  |       |       |       |    12 |    55 ||    67
       Summon Butterflie |       |       |       |       |     1 ||     1
       Throw Icicle      |       |       |       |       |     8 ||     8
Invok: Ancestor Identity |     1 |     1 |     1 |       |       ||     3
       Recall Ancestor   |       |     1 |     5 |    20 |    17 ||    43
       Ancestor Life: He |       |       |     1 |       |       ||     1
       Idealise          |       |       |       |       |     1 ||     1
       Transference      |       |       |       |       |     1 ||     1
Evoke: Wand              |       |       |       |     1 |     2 ||     3
  Use: Scroll            |     1 |     9 |     8 |     8 |     8 ||    34
       Potion            |       |       |       |     9 |     1 ||    10
 Stab: Confused          |       |       |     3 |    18 |    20 ||    41
       Distracted        |       |       |       |    12 |    13 ||    25
       Sleeping          |       |       |       |     1 |       ||     1
  Eat: Chunk             |     2 |    12 |    11 |    22 |    40 ||    87
       Ration            |       |     1 |     2 |     4 |     3 ||    10
Armor: Robe              |     9 |    29 |       |       |       ||    38
       Ring mail         |       |     8 |    48 |       |       ||    56
       Leather armour    |       |       |    32 |       |       ||    32
       Troll leather arm |       |       |       |    97 |    19 ||   116
       Skin              |       |       |       |   380 |       ||   380
       Steam dragon scal |       |       |       |       |    99 ||    99
       Scale mail        |       |       |       |       |     6 ||     6
Dodge: Dodged            |    22 |    60 |   135 |   290 |   559 ||  1066
Block: Buckler           |       |       |    26 |    29 |       ||    55
       Other             |       |       |       |       |    42 ||    42
       Reflection        |       |       |       |       |     2 ||     2
